 Dungeon Crawl Stone Soup version 0.28-a0-1567-g1695149f81 (webtiles) character file.

Game seed: 3111015681384379910

686 Shayle the Sneak (level 7, -1/50 HPs)
             Began as a Djinni Warper on Jan 19, 2022.
             Slain by a troll (10 damage)
             ... on level 5 of the Dungeon.
             The game lasted 00:13:51 (6575 turns).

Shayle the Sneak (Djinni Warper)                    Turns: 6575, Time: 00:13:52

Health: -1/50      AC:  4    Str: 10    XL:     7   Next: 94%
Gold:   145        EV: 11    Int: 16    God:
                   SH:  0    Dex: 13

rFire   + + .      SeeInvis .   g - +0 whip (elec)
rCold   x . .      Faith    .   (no shield)
rNeg    . . .      Spirit   .   a - +0 leather armour
rPois   ∞          Reflect  .   e - +0 helmet
rElec   .          Harm     .   (no cloak)
rCorr   .          Rampage  .   (no gloves)
Will    .....                   (boots unavailable)
Stlth   +++.......              l - amulet of the acrobat
HPRegen 0.16/turn               (no ring)
MPRegen 0.00/turn               (no ring)

@: flying
A: sickness immunity, fire resistance 2, cold vulnerability 1, float, innate
caster, hp casting, extra vitality 1
a: no special abilities


You were on level 5 of the Dungeon.
You visited 1 branch of the dungeon, and saw 5 of its levels.

You collected 145 gold pieces.

Inventory:

Hand Weapons
 g - a +0 whip of electrocution (weapon)
Missiles
 c - 3 boomerangs of dispersal
 d - 3 poisoned darts (quivered)
 h - 5 boomerangs
 o - 7 javelins
Armour
 a - a +0 leather armour (worn)
 e - a +0 helmet (worn)
Jewellery
 l - an amulet of the acrobat (around neck)
 m - an amulet of faith
 n - a ring of ice
Scrolls
 f - a scroll of teleportation
 i - a scroll of noise {unknown}
 p - a scroll of vulnerability {unknown}
 q - a scroll of enchant weapon {unknown}
 r - a scroll of brand weapon {unknown}
Potions
 j - a potion of magic {unknown}


   Skills:
 + Level 3.5 Fighting
 - Level 0.7 Throwing
 - Level 1.0 Armour
 - Level 2.1 Dodging
 + Level 6.1 Stealth
 - Level 2.0 Unarmed Combat
 + Level 3.3 Spellcasting


You couldn't memorise any spells.
You knew the following spells:

 Your Spells              Type           Power      Damage    Failure   Level
a - Blink                 Tloc           26%        N/A       10%         2
b - Lesser Beckoning      Tloc           13%        N/A       19%         3
c - Gell's Gravitas       Tloc           13%        N/A       19%         3
d - Teleport Other        Tloc           13%        N/A       19%         3
e - Manifold Assault      Tloc           13%        N/A       87%         5
f - Freeze                Ice            52%        1d7       6%          1
g - Scorch                Fire           26%        2d6       10%         2
h - Tukima's Dance        Hex            13%        N/A       19%         3
Your spell library was empty.

Dungeon Overview and Level Annotations

Branches:
Dungeon (5/15)
 Temple: D:4-7

Altars:
Elyvilon
Kikubaaqudgha
Makhleb
Wu Jian
Xom
The Shining One


Innate Abilities, Weirdness & Mutations

You are immune to sickness and miasma.
You are immune to poison.
Your flesh is very heat resistant. (rF++)
You are vulnerable to cold. (rC-)
You float through the air rather than walking.
You learn spells naturally, not from books.
Your magical power is your life essence.
You have superior vitality. (+4 MHP)


Message History

Nothing appears to happen.
An ogre comes into view. It is wielding a +0 giant spiked club.
There is an escape hatch in the floor here.
Casting: Scorch (safe; 10% risk of failure)
Confirm with . or Enter, or press ? or * to list all spells.
Flames lash the troll.
The troll is moderately wounded.
The troll's fire resistance burns away.
Your magical contamination has completely faded away.
The troll misses you. The troll claws you! The troll completely misses you.
Casting: Scorch (safe; 10% risk of failure)
Confirm with . or Enter, or press ? or * to list all spells.
Flames lash the troll.
The troll is burned terribly!
The troll is heavily wounded.
The troll bites you! The troll claws you! The troll claws you.
* * * LOW HITPOINT WARNING * * *
The troll completely misses you. The troll barely misses you.
The troll completely misses you.
You feel much better. The troll bites you! The troll claws you!
The troll misses you.
Aiming: Mindburst
Press: ? - help, Shift-Dir - straight line, f/p - troll
Aim: a troll (heavily wounded, poisoned, more vulnerable to fire, chance to affect: 64%)
The troll's mind is blasted!
The now-empty wand crumbles to dust.
The troll barely misses you. x2; The troll claws you but does no damage.
Unknown command.
You closely miss the troll.
The troll is almost dead.
The troll bites you but does no damage. The troll claws you. x2
* * * LOW HITPOINT WARNING * * *
Unknown command.
You closely miss the troll.
The troll is almost dead.
The troll misses you. The troll barely misses you. The troll claws you.
* * * LOW HITPOINT WARNING * * *
Unknown command.
You hit the troll.
The troll is almost dead.
The troll misses you. The troll closely misses you. The troll claws you!
You die...

#################
#..>OT@.........#####
#.#.#########.......###
#.#.# ###........ #.#.#
#####.### #.#.# #.# #
#.#.# ##.### #(#.#
##...## #O..#
#####.#.#.# >##
#..........


You could see a troll (poisoned, combustible) and an ogre.

Vanquished Creatures
  A sky beast (D:4)
  2 ogres (D:4)
  A phantom (D:4)
  A scorpion (D:4)
  A bullfrog zombie (D:5)
  2 hounds
  An orc wizard (D:4)
  2 howler monkey skeletons (D:4)
  7 adders
  An adder skeleton (D:4)
  A worm (D:3)
  A dart slug (D:1)
  9 orcs
  11 ball pythons
  4 bats
  10 endoplasms
  2 giant cockroaches
  3 hobgoblins
  3 jackals (D:2)
  3 quokkas
  3 frilled lizards
  4 goblins
  10 kobolds
  5 rats (D:1)
88 creatures vanquished.

Vanquished Creatures (others)
  15 plants (D:1)
15 creatures vanquished.

Grand Total: 103 creatures vanquished

Notes
Turn   | Place    | Note
-------+----------+-------------------------------------------
     0 | D:1      | Shayle the Djinni Warper began the quest for the Orb.
     0 | D:1      | Reached XP level 1. HP: 18/18 MP: 0/0
   182 | D:1      | Reached skill level 1 in Stealth
   311 | D:1      | Reached XP level 2. HP: 22/23 MP: 0/0
   429 | D:1      | Reached skill level 2 in Stealth
   868 | D:1      | Reached XP level 3. HP: 28/28 MP: 0/0
   868 | D:1      | Learned a level 1 spell: Freeze
  1325 | D:1      | Found a glowing golden altar of the Shining One.
  1928 | D:2      | Found a shimmering altar of Xom.
  1980 | D:2      | Reached XP level 4. HP: 29/33 MP: 0/0
  1982 | D:2      | Reached skill level 3 in Stealth
  3481 | D:3      | Found a faded altar of an unknown god.
  3499 | D:3      | Found a burning altar of Makhleb.
  3532 | D:3      | Reached XP level 5. HP: 37/38 MP: 0/0
  3532 | D:3      | Learned a level 2 spell: Scorch
  4104 | D:4      | Reached skill level 4 in Stealth
  4128 | D:4      | Noticed an ogre
  4132 | D:5      | Entered Level 5 of the Dungeon
  4944 | D:4      | Reached XP level 6. HP: 32/43 MP: 0/0
  5093 | D:4      | Found a white marble altar of Elyvilon.
  5139 | D:4      | Reached skill level 5 in Stealth
  5357 | D:4      | Noticed a sky beast
  5551 | D:4      | Found an ornate altar of the Wu Jian Council.
  5600 | D:4      | Killed a sky beast
  5601 | D:4      | Reached XP level 7. HP: 49/49 MP: 0/0
  5601 | D:4      | Learned a level 3 spell: Tukima's Dance
  6223 | D:4      | Reached skill level 6 in Stealth
  6555 | D:5      | Noticed a troll
  6575 | D:5      | Slain by a troll

Illustrated notes

Levels and vault maps discovered:
D:1:      dpeg_arrival_water_altar, layout_loops_ring, lexackson_kobold_supper
D:2:      layout_basic, basic_altar, chequers_serial_rivers_micro_d,
          serial_bayou_lake_a
D:3:      layout_basic, mainiacjoe_overflow_catch_the_wave,
          basic_ecumenical_altar
D:4:      kb_forest_paths, layout_loops_ring, mainiacjoe_overflow_swirl,
          serial_co_window_serial, co_window_paths_a, co_window_paths_b,
          co_window_corner_a, co_window_corner_a, co_window_of_opportunity_a,
          co_window_paths_b, co_window_corner_cb, co_window_2corner,
          co_window_paths_d, glass_columns_b, glass_columns_a
D:5:      layout_loops_ring, cheibrodos_sewer_entry_drain, st_stairs_7,
          kennysheep_cross_bottleneck, minmay_misc_feat_more_columns

Skill      XL: |  1  2  3  4  5  6  7 |
---------------+----------------------+-----
Stealth        | 1 2 3 4 5 6 |  6.1
Fighting       | 3 |  3.5
Spellcasting   | 3 |  3.3
Throwing       | |  0.7
Armour         | |  1.0
Dodging        | |  2.1
Unarmed Combat | |  2.0

Action                   |  1- 3 |  4- 6 |  7- 9 || total
-------------------------+-------+-------+-------++-------
Melee: Unarmed           |    53 |       |       ||    53
       Whip              |    78 |   165 |    53 ||   296
       Punch             |     2 |     2 |     1 ||     5
Throw: Dart              |     2 |     1 |    10 ||    13
       Boomerang         |       |     2 |       ||     2
 Cast: Scorch            |       |     1 |     5 ||     6
       Tukima's Dance    |       |       |     3 ||     3
Evoke: Wand              |       |     3 |     2 ||     5
  Use: Scroll            |     1 |     3 |     1 ||     5
       Potion            |       |     1 |     1 ||     2
 Stab: Sleeping          |     2 |     7 |     3 ||    12
       Distracted        |     1 |       |       ||     1
Armor: Leather armour    |    52 |    36 |    11 ||    99
Dodge: Dodged            |    82 |    96 |    51 ||   229

Table legend: (Time is in decaauts)
 A = Elapsed time spent in this place.
 B = Non-inter-level travel time spent in this place.
 C = Inter-level travel time spent in this place.
 D = Time resting spent in this place.
 E = Time spent auto-exploring this place.
 F = Levels seen in this place.
 G = Mean time per level.
                   A        B        C        D        E       F      G
               +--------+--------+--------+--------+--------+-----+--------+
         Total |   6606 |   6289 |    317 |   1719 |   3120 |   5 | 1321.2 |
       Dungeon |   6606 |   6289 |    317 |   1719 |   3120 |   5 | 1321.2 |
               +--------+--------+--------+--------+--------+-----+--------+

Top non-repeatable levels by time:
     D:4: 2268 daAuts
     D:2: 1775 daAuts
     D:1: 1519 daAuts
     D:3: 949 daAuts
     D:5: 94 daAuts
